Map: 贝克特工业-天梯版

Players

TIME (Oliveira) - Winner!

  • Race: Terran Terran
  • League: Grandmaster

cyan

  • Race: Protoss Protoss
  • League: Grandmaster

Event: DreamHack SC2 Masters 2021 Winter

VOD

Have the link to the VOD?

Description

Time

  • Played on: Oct. 10, 2021, 8:46 a.m.
  • Length: 15:40

All games in this series

Show
View Real Time Build Order
Export as new Build Order

TIME Terran - Winner!

Build Orders: Reaper Expand 

Get SALT Encoding   

  12  0:00  SCV  
  13  0:12  SCV  
  14  0:17  Supply Depot  
  14  0:24  SCV  
  15  0:38  SCV  
  15  0:40  Barracks  
  16  0:44  Refinery  
  16  0:50  SCV  
  17  1:03  SCV  
  18  1:15  SCV  
  19  1:28  Reaper, Orbital Command  
  20  1:44  Command Center  
  20  1:51  Supply Depot  
  20  1:54  SCV  
  21  2:00  Marine  
  22  2:06  SCV  
  23  2:10  Factory  
  23  2:18  SCV, Marine  
  25  2:23  Bunker  
  25  2:30  SCV  
  25  2:33  Refinery  
  25  2:36  Barracks Reactor  
  26  2:41  Barracks  
  26  2:43  SCV  
  27  2:53  Factory Tech Lab  
  27  2:55  SCV  
  27  2:57  Orbital Command  
  28  3:04  Orbital Command  
  28  3:07  SCV  
  28  3:12  Cyclone  
  32  3:16  Marine x2  
  32  3:19  SCV  
  35  3:23  Supply Depot  
  35  3:30  SCV  
  35  3:31  Barracks Tech Lab, SCV  
  37  3:35  Marine x2  
  39  3:42  SCV  
  39  3:43  SCV  
  40  3:49  Siege Tank  
  40  3:50  Marine  
  40  3:52  Stimpack  
  40  3:54  SCV, Marine  
  46  3:57  SCV  
  46  4:01  Marine  
  47  4:06  SCV  
  47  4:08  Marine  
  48  4:10  SCV  
  48  4:12  Marine  
  48  4:16  Starport  
  49  4:20  SCV  
  49  4:21  Marine  
  49  4:22  SCV  
  54  4:35  SCV, Marine x2  
  54  4:38  Supply Depot  
  54  4:41  Engineering Bay  
  54  4:43  Barracks  
  54  4:46  Supply Depot  
  54  4:51  Refinery  
  54  4:57  Factory Tech Lab  
  54  4:59  Medivac, SCV x2, Marine x2  
  60  5:02  Marauder  
  62  5:07  Terran Infantry Weapons Level 1  
  62  5:11  SCV x2  
  62  5:13  Supply Depot  
  64  5:17  Siege Tank  
  64  5:20  Marine x2  
  69  5:24  SCV  
  70  5:29  Marine  
  70  5:30  SCV  
  67  5:36  SCV  
  67  5:37  Marine  
  67  5:42  SCV, Starport Reactor, Marine x2  
  72  5:44  Combat Shield  
  72  5:48  Marauder, Missile Turret  
  74  5:50  Supply Depot, SCV  
  74  5:56  Missile Turret  
  75  5:58  Refinery  
  75  5:59  SCV  
  75  6:01  Marine x2  
  78  6:09  Concussive Shells  
  78  6:12  Marauder, Supply Depot, SCV x2  
  78  6:15  Marauder  
  84  6:21  Marine x2  
  84  6:23  Supply Depot  
  86  6:34  Medivac x2, Siege Tank  
  86  6:37  Supply Depot  
  93  6:40  SCV  
  93  6:45  Marauder x2, SCV, Marine x2  
  101  6:53  Command Center  
  99  7:01  Terran Infantry Armor Level 1  
  99  7:07  Marauder, SCV x2  
  103  7:13  Marine  
  103  7:14  Marauder  
  106  7:21  Marine  
  106  7:25  SCV  
  106  7:28  Marauder  
  109  7:31  Marine  
  109  7:40  Supply Depot  
  109  7:41  Supply Depot, Siege Tank, Viking x2  
  109  7:42  Marauder  
  118  7:47  Barracks  
  118  7:50  Barracks  
  118  7:52  Missile Turret  
  118  7:59  Marine  
  118  8:01  Marine  
  118  8:02  Marauder, SCV x2  
  118  8:05  Marauder, Orbital Command  
  124  8:14  SCV, Viking x2  
  124  8:15  SCV  
  129  8:24  Marine x2  
  129  8:25  Marauder  
  129  8:26  SCV, Siege Tank  
  137  8:27  SCV  
  137  8:30  Supply Depot  
  137  8:31  SCV  
  139  8:37  Barracks Reactor, Barracks Tech Lab  
  139  8:38  SCV  
  139  8:40  SCV  
  141  8:44  Medivac x2  
  141  8:45  Marine x2  
  141  8:46  Marauder  
  141  8:47  SCV  
  148  8:53  Marauder  
  150  8:55  SCV  
  150  8:57  Engineering Bay  
  150  8:58  Armory  
  150  9:00  SCV  
  150  9:01  Refinery  
  150  9:02  Supply Depot, Refinery  
  151  9:06  Siege Tank  
  151  9:08  Marauder x2  
  157  9:10  Supply Depot  
  157  9:17  Command Center  
  157  9:22  Marine  
  157  9:23  Marine  
  158  9:25  SCV  
  158  9:26  SCV x2  
  158  9:30  Marine  
  161  9:32  Sensor Tower  
  161  9:33  Marine  
  161  9:36  Viking x2  
  161  9:38  Marauder x2  
  168  9:42  Siege Tank  
  168  9:43  SCV x2  
  171  9:45  SCV  
  171  9:46  Supply Depot  
  171  9:51  Terran Infantry Weapons Level 2  
  171  9:52  Terran Infantry Armor Level 2  
  165  10:13  Marauder  
  165  10:14  Marauder x2, Ghost Academy, Marine x4  
  171  10:15  Siege Tank  
  171  10:19  Medivac x2  
  181  10:31  Marine  
  181  10:34  Marine x3  
  184  10:39  Supply Depot  
  184  10:43  SCV  
  184  10:44  SCV  
  143  11:02  SCV x2  
  107  11:06  Marine x3  
  107  11:07  Marauder, Siege Tank, Viking  
  107  11:08  Viking  
  107  11:09  Ghost x2  
  116  11:12  Planetary Fortress  
  116  11:14  Marine  
  116  11:15  Missile Turret  
  113  11:21  Missile Turret  
  113  11:22  Enhanced Shockwaves  
  113  11:23  SCV x2  
  113  11:24  Missile Turret, SCV, Marine  
  117  11:27  Marine  
  118  11:33  Marine  
  118  11:34  Ghost, Marine  
  118  11:35  SCV x2  
  118  11:37  Viking  
  118  11:38  Viking  
  128  11:40  Marauder  
  128  11:43  Marauder  
  128  11:44  SCV  
  133  11:47  SCV  
  133  11:49  Sensor Tower  
  133  11:51  Siege Tank  
  133  11:54  Marine x3  
  140  12:01  Missile Turret  
  140  12:04  Marauder x2  
  140  12:05  Marine  
  145  12:11  Viking x2  
  145  12:12  Marauder  
  150  12:21  Marine x2  
  150  12:22  Marine  
  153  12:26  Command Center  
  153  12:31  Siege Tank  
  153  12:32  Marauder x2, Marine  
  162  12:38  Ghost  
  162  12:40  Terran Infantry Weapons Level 3  
  163  12:48  Refinery, Marine, Terran Infantry Armor Level 3  
  163  12:49  Refinery, Marine x2  
  166  12:56  Marauder x2  
  166  12:57  Marine  
  171  12:59  Viking  
  171  13:02  Viking  
  175  13:06  Marine  
  175  13:10  Marauder, Siege Tank  
  175  13:12  Marine  
  181  13:26  Barracks  
  185  13:27  Marauder x2, Missile Turret  
  185  13:29  Barracks x2  
  185  13:33  Viking  
  187  13:34  Viking  
  187  13:41  SCV x3  
  192  13:52  Siege Tank  
  192  13:54  Ghost  
  192  13:55  Ghost  
  199  14:06  Marine  
  172  14:32  Marine x3  
  172  14:33  Marauder x2  
  172  14:35  Marine x2  
  172  14:36  Marauder  
  180  14:44  Liberator x2, Siege Tank  
  185  14:50  Marine  
  183  14:53  SCV x3  
  183  14:55  Barracks Reactor, Barracks Tech Lab  
  183  14:56  Barracks Tech Lab  
  180  15:00  Marine x3  
  180  15:01  Marauder x2  
  180  15:07  Marauder  
  189  15:08  Marine  
  189  15:10  Missile Turret  
  175  15:15  Marine  
  175  15:16  Marauder  
  175  15:18  Marine  
  181  15:24  SCV x2  
Show
View Real Time Build Order
Export as new Build Order

cyan Protoss 

Build Orders: 1 Gate Expand, Oracle Opening 

Get SALT Encoding   

  12  0:00  Probe  
  13  0:12  Probe  
  14  0:17  Pylon  
  14  0:24  Probe (Chrono Boost)  
  15  0:36  Probe (Chrono Boost)  
  15  0:37  Gateway  
  16  0:45  Probe (Chrono Boost)  
  16  0:46  Assimilator  
  17  0:51  Probe  
  18  1:03  Probe  
  19  1:15  Probe  
  20  1:24  Cybernetics Core  
  20  1:32  Nexus  
  20  1:36  Probe  
  21  1:44  Pylon  
  21  1:48  Probe  
  21  1:53  Assimilator  
  22  1:59  Adept (Chrono Boost)  
  22  2:00  Probe  
  23  2:07  Shield Battery  
  25  2:13  Probe  
  26  2:21  Adept (Chrono Boost)  
  26  2:25  Probe  
  28  2:30  Stargate  
  29  2:37  Warp Gate, Probe  
  29  2:44  Adept (Chrono Boost)  
  29  2:49  Probe  
  32  2:51  Probe  
  33  3:01  Probe  
  33  3:03  Probe  
  35  3:07  Adept, Shield Battery  
  37  3:13  Probe  
  37  3:15  Oracle (Chrono Boost)  
  41  3:22  Probe  
  41  3:25  Probe  
  43  3:32  Pylon  
  43  3:34  Probe  
  44  3:38  Probe, Pylon  
  45  3:48  Probe  
  46  3:50  Oracle (Chrono Boost)  
  49  3:56  Probe  
  49  4:00  Probe  
  49  4:04  Gateway  
  49  4:06  Gateway  
  49  4:08  Probe  
  46  4:12  Probe  
  46  4:15  Assimilator  
  47  4:17  Assimilator, Pylon  
  47  4:20  Probe  
  47  4:22  Robotics Facility  
  48  4:25  Probe  
  48  4:27  Oracle (Chrono Boost)  
  52  4:32  Probe  
  52  4:37  Adept, Probe  
  56  4:43  Pylon  
  56  4:46  Probe  
  56  4:48  Pylon  
  56  4:50  Probe  
  58  4:58  Adept  
  58  4:59  Adept  
  62  5:00  Adept  
  62  5:01  Phoenix  
  62  5:03  Probe  
  62  5:06  Pylon  
  67  5:07  Probe  
  67  5:10  Observer  
  69  5:14  Robotics Bay  
  69  5:21  Forge  
  69  5:22  Probe  
  69  5:23  Probe  
  68  5:34  Probe  
  66  5:37  Probe  
  66  5:39  Immortal (Chrono Boost)  
  71  5:44  Phoenix  
  73  5:52  Gateway, Protoss Ground Weapons Level 1 (Chrono Boost)  
  73  5:53  Gateway  
  73  5:57  Gateway  
  73  6:07  Colossus (Chrono Boost)  
  79  6:14  Extended Thermal Lance  
  79  6:24  Twilight Council  
  79  6:25  Pylon  
  79  6:32  Phoenix  
  81  6:34  Nexus  
  81  6:41  Shield Battery  
  81  6:42  Sentry  
  81  6:44  Probe  
  81  6:45  Probe  
  85  6:52  Zealot x3  
  91  6:59  Colossus (Chrono Boost)  
  97  7:05  Zealot  
  97  7:06  Charge (Chrono Boost)  
  97  7:07  Zealot  
  101  7:08  Probe  
  102  7:18  Pylon  
  102  7:19  Pylon  
  102  7:23  Shield Battery  
  102  7:24  Pylon  
  102  7:32  Probe  
  98  7:40  Zealot x3  
  98  7:41  Zealot  
  98  7:43  Zealot x2  
  106  7:51  Pylon  
  106  7:54  Pylon  
  106  7:56  Protoss Ground Weapons Level 2 (Chrono Boost)  
  105  8:06  Colossus (Chrono Boost)  
  105  8:08  Nexus  
  105  8:09  Pylon  
  111  8:16  Pylon  
  111  8:22  Sentry x2  
  111  8:24  Probe  
  115  8:34  Templar Archives  
  115  8:35  Gateway, Sentry  
  115  8:38  Gateway  
  115  8:39  Sentry, Shield Battery  
  119  8:46  Zealot x2  
  123  8:55  Colossus (Chrono Boost)  
  129  9:08  Probe  
  130  9:12  Probe  
  130  9:16  Pylon  
  131  9:18  Pylon  
  131  9:27  Blink (Chrono Boost), Probe x2  
  131  9:28  Assimilator  
  131  9:30  Assimilator  
  133  9:41  Colossus (Chrono Boost)  
  139  9:48  Probe  
  139  9:50  Probe x2  
  136  10:02  Probe x2  
  136  10:06  High Templar x2  
  138  10:10  Archon  
  138  10:12  Zealot x6  
  138  10:14  Nexus, Protoss Ground Weapons Level 3 (Chrono Boost)  
  138  10:16  Pylon  
  138  10:32  High Templar  
  138  10:33  Zealot x3, High Templar  
  148  10:39  Archon  
  148  10:40  Zealot x3  
  154  10:53  Stalker x3  
  138  11:03  Stalker x2  
  138  11:04  Stalker  
  125  11:07  Phoenix  
  123  11:14  Warp Prism  
  123  11:16  Probe  
  123  11:17  Probe  
  127  11:20  Probe  
  127  11:22  Shield Battery  
  127  11:23  Sentry  
  127  11:24  Pylon  
  130  11:27  High Templar x2  
  130  11:31  Archon  
  134  11:32  High Templar  
  134  11:33  Zealot x2, High Templar  
  142  11:40  Archon  
  142  11:41  Zealot  
  142  11:44  Probe  
  142  11:45  Probe x2  
  147  11:49  Robotics Facility  
  147  11:51  Dark Shrine  
  147  11:56  Probe  
  147  11:57  Probe  
  147  11:58  Assimilator  
  149  12:02  Assimilator  
  149  12:03  Probe x2  
  147  12:15  Disruptor (Chrono Boost)  
  147  12:21  Nexus  
  150  12:24  Pylon  
  150  12:28  Pylon  
  150  12:35  Zealot x7  
  162  12:39  Disruptor (Chrono Boost)  
  162  12:42  Disruptor (Chrono Boost)  
  166  12:47  Gateway x2  
  166  12:48  Protoss Ground Armor Level 1 (Chrono Boost)  
  166  12:52  Zealot  
  166  12:53  Disruptor  
  166  13:00  Disruptor (Chrono Boost)  
  166  13:03  Zealot, Shield Battery  
  166  13:04  Shield Battery  
  171  13:11  Shadow Stride  
  174  13:20  Gateway  
  174  13:23  Gateway  
  174  13:25  Stalker x3  
  174  13:26  Disruptor (Chrono Boost)  
  180  13:30  Stalker  
  185  13:36  Observer (Chrono Boost)  
  185  13:38  Gravitic Boosters  
  186  13:41  Photon Cannon  
  186  13:44  Photon Cannon  
  186  13:46  Probe x3, Shield Battery  
  189  13:48  Photon Cannon  
  189  13:50  Shield Battery  
  190  13:55  Observer (Chrono Boost)  
  190  13:59  Observer (Chrono Boost)  
  191  14:06  Dark Templar x4  
  199  14:12  Observer (Chrono Boost)  
  199  14:13  Assimilator  
  199  14:17  Assimilator, Dark Templar  
  195  14:27  Stalker  
  195  14:28  Stalker x2  
  150  14:32  Stalker x2  
  150  14:34  Disruptor (Chrono Boost)  
  133  14:42  Stalker x4  
  103  15:03  Dark Templar x2  
  103  15:04  Dark Templar  
  62  15:24  Dark Templar x4  
  62  15:25  Dark Templar  

Tags
 
Add a new tag
Caveats
  • Supply blocks, unpowered buildings, or Contaminate may cause inaccurate times.
  • Supply counts are checked every 10 seconds.